 Dungeon Crawl Stone Soup version 0.22-a0-280-g69bf1f34de (webtiles) character file.

767 RedPan the Insei (level 7, -6/54 HPs)
             Began as a Demonspawn Monk on Mar 16, 2018.
             Was a Priest of Cheibriados.
             Killed by divine providence
             ... invoked by an orc priest
              (7 damage)
             ... on level 4 of the Dungeon.
             The game lasted 00:14:07 (4372 turns).

RedPan the Insei (Demonspawn Monk)                  Turns: 4372, Time: 00:14:07

Health: -6/54      AC:  6    Str: 21    XL:     7   Next: 52%
Magic:  9/9        EV: 15    Int: 19    God:    Cheibriados [***...]
Gold:   147        SH:  6    Dex: 24    Spells: 6/6 levels left

rFire    . . .     SeeInvis .     - Unarmed
rCold    . . .     Gourm    .   c - +0 buckler
rNeg     + . .     Faith    .   p - +2 robe {rN+}
rPois    .         Spirit   .   (no helmet)
rElec    .         Reflect  .   (no cloak)
rCorr    .         Harm     .   q - +1 pair of gloves
MR       .....                  (no boots)
Stlth    ++........             k - amulet of magic regeneration
HPRegen  0.18/turn              (no ring)
MPRegen  0.36/turn              (no ring)

@: very slow
A: claws 1, demonic guardian 1, powered by pain 1
a: Bend Time, Temporal Distortion, Renounce Religion


You were on level 4 of the Dungeon.
You worshipped Cheibriados.
Cheibriados was most pleased with you.
You were not hungry.

You visited 1 branch of the dungeon, and saw 4 of its levels.

You collected 147 gold pieces.

Inventory:

Armour
 a - a cursed -2 chain mail
 c - a +0 buckler (worn)
 p - a +2 robe of positive energy (worn)
 q - a +1 pair of gloves (worn)
Jewellery
 k - an amulet of magic regeneration (around neck)
Scrolls
 e - 3 scrolls of blinking
 f - 5 scrolls of remove curse
 g - 3 scrolls of enchant armour
 j - a scroll of teleportation
 n - a scroll of identify
Potions
 d - 2 potions of haste
 h - a potion of curing
 i - 2 potions of invisibility
 m - a potion of heal wounds
 o - a potion of might
 r - a potion of brilliance {unknown}
Comestibles
 b - 11 rations


   Skills:
 - Level 4.1 Fighting
 + Level 4.2 Dodging
 - Level 1.7 Stealth
 + Level 2.9 Shields
 * Level 5.5 Unarmed Combat
 + Level 3.4 Invocations


You had 6 spell levels left.
You didn't know any spells.

Dungeon Overview and Level Annotations

Branches:
Dungeon (4/15)
 Temple: D:4-7

Altars:
Cheibriados
Gozag
Kikubaaqudgha
Trog
Uskayaw


Innate Abilities, Weirdness & Mutations

You have sharp fingernails.
A weak demonic guardian rushes to your aid.
You sometimes gain a little power by taking damage.


Message History

The flow of time bends around you.
Cheibriados rebukes the ogre.
The ogre seems to slow down.
Cheibriados rebukes your iron imp.
Your iron imp seems to slow down.
You feel slightly more hungry.
Your shadow imp closely misses the frilled lizard.
The frilled lizard barely misses your shadow imp.
The orc priest looks braver for a moment.
You hit the ogre.
The ogre is moderately wounded.
Your shadow imp barely misses the frilled lizard.
The orc priest calls down the wrath of Beogh upon you.
Beogh smites you! The ogre hits you with a giant club!!
* * * LOW HITPOINT WARNING * * *
You focus on the pain.
You feel your power returning.
The frilled lizard bites your shadow imp but does no damage.
The orc priest mumbles some strange prayers to Beogh against you.
Beogh smites you!
You die...

#....## #.....# ## ######
......# .. #......
###...####### .#.......
#........)### ..)........
###.##.##...# #..........
#..#...##.#### #..........
##.###.##..55######o.........
#.# #.#####@Oo...5l....<....
#.###.# #########........#
#.....# ....... # #######
....... . ...O..... ...%...
.......


You could see an ogre, 2 orc priests, a frilled lizard, a friendly iron imp, a
friendly shadow imp and a friendly ufetubus.

Vanquished Creatures
  Grinder (D:3)
  An ice beast (D:4)
  A phantom (D:4)
  A vampire bat (D:2)
  A howler monkey (D:4)
  An orc priest (D:4)
  2 hounds
  A worker ant (D:2)
  An orc wizard (D:4)
  7 adders
  A howler monkey skeleton (D:4)
  An adder skeleton (D:4)
  A worm (D:3)
  A dart slug (D:3)
  2 leopard geckos
  14 orcs
  A bat skeleton (D:2)
  3 bat zombies (D:2)
  6 giant cockroaches
  7 hobgoblins
  8 jackals
  7 kobolds
  3 quokkas
  A ball python (D:3)
  8 bats
  10 frilled lizards
  5 goblins
  6 rats
102 creatures vanquished.

Vanquished Creatures (collateral kills)
  An orc priest (D:4)
  An orc wizard (D:3)
  An adder (D:4)
  5 orcs (D:3)
8 creatures vanquished.

Grand Total: 110 creatures vanquished

Notes
Turn   | Place    | Note
-------+----------+-------------------------------------------
     0 | D:1      | RedPan the Demonspawn Monk began the quest for the Orb.
     0 | D:1      | Reached XP level 1. HP: 18/18 MP: 1/1
   256 | D:1      | Reached skill level 3 in Unarmed Combat
   256 | D:1      | Gained mutation: You have sharp fingernails. [demonic ancestry]
   256 | D:1      | Reached XP level 2. HP: 16/24 MP: 2/2
   695 | D:2      | Reached XP level 3. HP: 24/29 MP: 3/3
  1174 | D:2      | Found an ancient bone altar of Kikubaaqudgha.
  1232 | D:2      | Reached skill level 1 in Shields
  1232 | D:2      | Gained mutation: You sometimes gain a little power by taking damage. [demonic ancestry]
  1232 | D:2      | Reached XP level 4. HP: 18/36 MP: 4/4
  1559 | D:2      | Gained mutation: A weak demonic guardian rushes to your aid. [demonic ancestry]
  1559 | D:2      | Reached XP level 5. HP: 13/42 MP: 5/5
  1562 | D:2      | Reached skill level 4 in Unarmed Combat
  1787 | D:2      | Found a hide-covered altar of Uskayaw.
  2134 | D:2      | Found a snail-covered altar of Cheibriados.
  2134 | D:2      | Found a bloodstained altar of Trog.
  2138 | D:2      | Became a worshipper of Cheibriados the Contemplative
  2138 | D:2      | Reached * piety under Cheibriados
  2138 | D:2      | Reached ** piety under Cheibriados
  2920 | D:3      | Reached skill level 1 in Invocations
  3116 | D:3      | Found an opulent altar of Gozag.
  3199 | D:3      | Reached *** piety under Cheibriados
  3298 | D:3      | Noticed Grinder
  3316 | D:3      | Killed Grinder
  3316 | D:3      | Reached XP level 6. HP: 38/48 MP: 5/7
  3772 | D:4      | Reached skill level 5 in Unarmed Combat
  3772 | D:4      | Reached XP level 7. HP: 47/54 MP: 8/8
  4372 | D:4      | HP: 1/54 [ogre/giant club (21)]
  4372 | D:4      | Killed from afar by an orc priest

Vault maps used:
D:1:      ncdulo_halloftheorcs
D:2:      nicolae_overflow_crystal_walls, kennysheep_vampire_church,
          gammafunk_temple_overflow_elements, first_ration, corner_web_ring,
          item_on_display_a
D:3:      grunt_gozag_breadcrumbs, uniq_grinder
D:4:      minmay_wonky_spiral

Skill      XL: |  1  2  3  4  5  6  7 |
---------------+----------------------+-----
Unarmed Combat | 3 4 5 |  5.5
Dodging        | 3 4 |  4.2
Shields        | 1 2 |  2.9
Invocations    | 2 3 |  3.4
Fighting       | 4 |  4.1
Stealth        | |  1.7

Action                   |  1- 3 |  4- 6 |  7- 9 || total
-------------------------+-------+-------+-------++-------
Melee: Unarmed           |   122 |   183 |    74 ||   379
Invok: Bend Time         |       |     2 |     2 ||     4
  Use: Scroll            |     4 |     9 |       ||    13
       Potion            |       |     1 |     1 ||     2
 Stab: Sleeping          |     3 |     7 |     5 ||    15
       Distracted        |       |     1 |       ||     1
  Eat: Chunk             |     1 |     5 |     2 ||     8
Armor: Robe              |    51 |    28 |    12 ||    91
Dodge: Dodged            |    91 |   106 |    31 ||   228
Block: Buckler           |    13 |    42 |     9 ||    64

Table legend:
 A = Spawn XP
 B = Non-spawn XP
 C = Spawn XP percentage of total XP
 D = Spawn monster count
 E = Non-spawn monster count
 F = Spawn count percentage of total count
 G = Total turns spent on level
                    A         B        C        D         E        F      G
               +---------+---------+-------+---------+---------+-------+---------
         Total |       0 |    1096 |   0.0 |       0 |     110 |   0.0 |  4372
               +---------+---------+-------+---------+---------+-------+---------
           D:1 |       0 |      30 |   0.0 |       0 |      18 |   0.0 |   629
           D:2 |       0 |     213 |   0.0 |       0 |      30 |   0.0 |  1929
           D:3 |       0 |     375 |   0.0 |       0 |      37 |   0.0 |  1143
           D:4 |       0 |     478 |   0.0 |       0 |      25 |   0.0 |   671
               +---------+---------+-------+---------+---------+-------+---------
